 Dungeon Crawl Stone Soup version 0.23-a0-338-g8ff0b24 (webtiles) character file.

201330 namelastname112 the Warrior (level 18, -3/163 HPs)
             Began as a Red Draconian Wanderer on Oct 18, 2018.
             Was a Believer of Lugonu.
             Splashed by an oklob plant's acid (14 damage)
             ... created by the enmity of Fedhas Madash
             ... on level 1 of the Shoals.
             The game lasted 01:48:21 (45204 turns).

namelastname112 the Warrior (DrWn)                 Turns: 45204, Time: 01:48:22

Health: -3/163     AC:  2    Str: 21    XL:     18   Next: 29%
Magic:  28/28      EV: 23    Int: 19    God:    Lugonu [**....]
Gold:   2723       SH:  8    Dex: 21    Spells: 17/17 levels left

rFire    + + .     SeeInvis .   n - +6 short sword (drain)
rCold    + + .     Gourm    .   O - +0 buckler
rNeg     . . .     Faith    .   (armour unavailable)
rPois    +         Spirit   .   W - +1 hat
rElec    +         Reflect  +   q - +2 cloak {+Inv}
rCorr    .         Harm     .   d - +2 pair of gloves
MR       +++..                  p - +0 pair of boots of Incorporation {rPois Int+4 Dex+4}
Stlth    ++++++....             w - amulet of Hyuwn {Reflect rC+ Int+3 SH+2}
HPRegen  0.00/turn              S - ring "Anledghua" {Wiz rElec rF+ MR+ MP-9}
MPRegen  0.21/turn              a - ring of Awe {+Fly rC+ MR+ MP+9 Str+4}

@: corroded
A: breathe fire, unfitting armour, fire resistance 1, inhibited regeneration,
cold-blooded, AC +10
a: Breathe Fire, Depart the Abyss, Bend Space, Renounce Religion, Evoke
Invisibility, Evoke Flight


You were on level 1 of the Shoals.
You worshipped Lugonu.
Lugonu was pleased with you.
You were not hungry.

You visited 5 branches of the dungeon, and saw 27 of its levels.
You visited the Abyss 2 times.
You also visited: Labyrinth, Ice Cave and Volcano.

You collected 4059 gold pieces.
You spent 1336 gold pieces at shops.

Inventory:

Hand Weapons
 n - a +6 short sword of draining (weapon)
 o - a +1 rapier of electrocution
 U - a +0 quick blade of flaming
Missiles
 H - 3 throwing nets (quivered)
Armour
 d - a +2 pair of gloves (worn)
 p - the +0 pair of boots of Incorporation (worn) {rPois Int+4 Dex+4}
   (You acquired it on level 4 of the Lair of Beasts)

   It affects your intelligence (+4).
   It affects your dexterity (+4).
   It protects you from poison.
 q - a +2 cloak of invisibility (worn)
 O - a +0 buckler (worn)
 W - a +1 hat (worn)
Jewellery
 a - the ring of Awe (right hand) {+Fly rC+ MR+ MP+9 Str+4}
   (You took it off a deep elf archer on level 3 of the Elven Halls)

   [ring of flight]

   It affects your strength (+4).
   It protects you from cold.
   It affects your resistance to hostile enchantments.
   It affects your magic capacity (+9).
   It lets you fly.
 w - the amulet of Hyuwn (around neck) {Reflect rC+ Int+3 SH+2}
   (You bought it in a shop on level 4 of the Dungeon)

   [amulet of reflection]

   It shields you and reflects attacks.
   It affects your intelligence (+3).
   It protects you from cold.
   It affects your SH (+2).
 P - the amulet of the Clam {Faith rN+ Dex+8}
   (You took it off a deep elf demonologist on level 3 of the Elven Halls)

   [amulet of faith]

   It allows you to gain divine favour quickly.
   It affects your dexterity (+8).
   It protects you from negative energy.
 S - the ring "Anledghua" (left hand) {Wiz rElec rF+ MR+ MP-9}
   (You found it on level 14 of the Dungeon)

   [ring of wizardry]

   It improves your spell success rate.
   It protects you from fire.
   It insulates you from electricity.
   It affects your resistance to hostile enchantments.
   It affects your magic capacity (-9).
Wands
 x - a wand of paralysis (44)
 y - a wand of polymorph (36)
 F - a wand of flame (86)
 G - a wand of scattershot (4)
 I - a wand of digging (17)
 J - a wand of disintegration (81)
 R - a wand of iceblast (12)
Scrolls
 c - 3 scrolls of teleportation
 g - 5 scrolls of immolation
 j - 4 scrolls of enchant armour
 l - 6 scrolls of identify
 s - 3 scrolls of fear
 t - a scroll of vulnerability
 A - 6 scrolls of magic mapping
 D - 7 scrolls of remove curse
 L - 3 scrolls of fog
 M - 5 scrolls of blinking
 T - 2 scrolls of enchant weapon
 V - 7 scrolls of holy word
 X - a scroll of summoning
 Z - 7 scrolls of amnesia
Potions
 b - 2 potions of invisibility
 e - 2 potions of might
 h - 4 potions of magic
 i - a potion of cancellation
 k - 6 potions of flight
 m - 16 potions of curing
 u - 2 potions of brilliance
 v - a potion of mutation
 z - 3 potions of berserk rage
 C - 5 potions of resistance
 E - a potion of agility
 K - a potion of ambrosia
 N - 3 potions of haste
Miscellaneous
 Q - a phial of floods
 Y - 3 sacks of spiders
Comestibles
 f - 27 rations


   Skills:
 + Level 15.5 Fighting
 + Level 13.5(14.1) Short Blades
   Level 7.0(11.2) Long Blades
 - Level 1.0 Throwing
 + Level 12.6 Dodging
 + Level 13.6 Stealth
 - Level 4.0 Shields
 - Level 1.0 Unarmed Combat
 + Level 14.3 Invocations
 - Level 13.1 Evocations


You had 17 spell levels left.
You didn't know any spells.
Your spell library contained the following spells:

 Spells                   Type           Power        Failure   Level  Hunger
 Animate Skeleton         Necr           N/A          9%          1    ##.....
 Apportation              Tloc           #.....       9%          1    ##.....
 Corona                   Hex            #......      9%          1    ##.....
 Flame Tongue             Conj/Fire      #....        9%          1    ##.....
 Infusion                 Chrm           #...         9%          1    ##.....
 Magic Dart               Conj           #...         9%          1    ##.....
 Pain                     Necr           #...         9%          1    ##.....
 Shock                    Conj/Air       #...         9%          1    ##.....
 Summon Butterflies       Summ           #.......     9%          1    ##.....
 Summon Small Mammal      Summ           #...         9%          1    ##.....
 Blink                    Tloc           N/A          12%         2    ###....
 Call Imp                 Summ           #.......     12%         2    ###....
 Passwall                 Tmut/Erth      #.......     12%         2    ###....
 Searing Ray              Conj           #.....       12%         2    ###....
 Shroud of Golubria       Chrm/Tloc      #.........   12%         2    ###....
 Slow                     Hex            #.......     12%         2    ###....
 Song of Slaying          Chrm           #.......     12%         2    ###....
 Throw Flame              Conj/Fire      #.....       12%         2    ###....
 Call Canine Familiar     Summ           #.......     24%         3    ####...
 Conjure Flame            Conj/Fire      #.......     24%         3    ####...
 Dazzling Spray           Conj/Hex       #.....       24%         3    ####...
 Inner Flame              Hex/Fire       #.......     24%         3    ####...
 Lesser Beckoning         Tloc           #.........   24%         3    ####...
 Mephitic Cloud           Conj/Pois/Air  #.......     24%         3    ####...
 Portal Projectile        Hex/Tloc       #.....       24%         3    ####...
 Recall                   Summ/Tloc      N/A          24%         3    ####...
 Regeneration             Chrm/Necr      #.........   24%         3    ####...
 Spectral Weapon          Hex/Chrm       #.......     24%         3    ####...
 Tukima's Dance           Hex            #.......     24%         3    ####...
 Vampiric Draining        Necr           #.........   24%         3    ####...
 Animate Dead             Necr           N/A          58%         4    #####..
 Cause Fear               Hex            #.........   58%         4    #####..
 Force Lance              Conj/Tloc      #.......     58%         4    #####..
 Fulminant Prism          Conj/Hex       #.........   58%         4    #####..
 Ice Form                 Ice/Tmut       #.......     58%         4    #####..
 Iskenderun's Mystic Bla  Conj           #.......     58%         4    #####..
 Leda's Liquefaction      Hex/Erth       #.........   58%         4    #####..
 Sticky Flame             Conj/Fire      #.......     58%         4    #####..
 Summon Ice Beast         Ice/Summ       #.......     58%         4    #####..
 Alistair's Intoxication  Tmut/Pois      #.......     89%         5    ######.
 Aura of Abjuration       Summ           #.........   89%         5    ######.
 Bolt of Magma            Conj/Fire/Erth #.........   89%         5    ######.
 Excruciating Wounds      Chrm/Necr      #.........   89%         5    ######.
 Fireball                 Conj/Fire      #.........   89%         5    ######.
 Iskenderun's Battlesphe  Conj/Chrm      #.......     89%         5    ######.
 Metabolic Englaciation   Hex/Ice        #.........   89%         5    ######.
 Summon Demon             Summ           #.........   89%         5    ######.
 Summon Forest            Summ/Tloc      #.........   89%         5    ######.
 Summon Mana Viper        Hex/Summ       #.......     89%         5    ######.
 Venom Bolt               Conj/Pois      #.........   89%         5    ######.
 Bolt of Cold             Conj/Ice       #.........   100%        6    #######
 Freezing Cloud           Conj/Ice/Air   #.........   100%        6    #######
 Invisibility             Hex            #.......     100%        6    #######
 Iron Shot                Conj/Erth      #.........   100%        6    #######
 Ozocubu's Refrigeration  Ice            #.........   100%        6    #######
 Poison Arrow             Conj/Pois      #.........   100%        6    #######
 Shadow Creatures         Summ           N/A          100%        6    #######
 Simulacrum               Ice/Necr       #.........   100%        6    #######
 Dragon Form              Tmut           #.........   100%        7    #######
 Haunt                    Necr/Summ      #.........   100%        7    #######
 Orb of Destruction       Conj           #.........   100%        7    #######
 Spellforged Servitor     Conj/Summ      #.........   100%        7    #######
 Summon Hydra             Summ           #.........   100%        7    #######
 Borgnjor's Revivificati  Necr           #.........   100%        8    #######
 Chain Lightning          Conj/Air       #.........   100%        8    #######
 Death's Door             Chrm/Necr      #.........   100%        8    #######
 Infestation              Necr           #.........   100%        8    #######
 Lehudib's Crystal Spear  Conj/Erth      #.........   100%        8    #######
 Necromutation            Tmut/Necr      #.........   100%        8    #######
 Dragon's Call            Summ           #.........   100%        9    #######
 Fire Storm               Conj/Fire      #.........   100%        9    #######
 Glaciate                 Conj/Ice       #.........   100%        9    #######


Dungeon Overview and Level Annotations

Branches:
Dungeon (15/15)            Temple (0/1) D:7            Lair (6/6) D:8
 Shoals (1/4) Lair:2       Spider (0/4) Lair:2        Slime (0/5) Lair:5
    Orc (2/2) D:9             Elf (3/3) Orc:2        Vaults (0/5) D:14
 Depths (0/5) D:15

Altars:
Cheibriados
Dithmenos
Elyvilon
Fedhas
Gozag
Nemelex Xobeh
Ru
Uskayaw
Vehumet
Wu Jian
Zin
Beogh

Shops:
D:4 *   D:9 }   Orc:1 **   Orc:2 :}?==?%   Elf:1 !   Elf:2 :   Elf:3 (

Portals:
Trove: Elf:1 (give 5 potions of resistance)

Annotations:
Lair:5 1 runed door, Goofits's ghost, journeyman HaGl
Shoals:1 exclusion: 8 oklob plants


Innate Abilities, Weirdness & Mutations

You can breathe blasts of fire.
Your fiery red scales are hard. (AC +10)
You cannot fit into any form of body armour.
Your flesh is heat resistant. (rF+)
You are cold-blooded and may be slowed by cold attacks.
You do not regenerate when monsters are visible.


Message History

The splash of acid hits you! The acid corrodes you!
You are splashed with acid!
The acid burns!
You take 37 damage, and have 83/163 hp.
MASSIVE DAMAGE!!
The oklob plant spits acid at you. The splash of acid hits you!
The acid corrodes you!
You are splashed with acid!
The acid burns!
The oklob plant spits acid at you. The splash of acid hits you!
You are splashed with acid!
The acid burns!
* * * LOW HITPOINT WARNING * * *
The oklob plant spits acid at you. The splash of acid hits you!
* * * LOW HITPOINT WARNING * * *
You are splashed with acid!
The acid burns!
* * * LOW HITPOINT WARNING * * *
You see here 3 stones.
The oklob plant spits acid at you. The splash of acid hits you!
* * * LOW HITPOINT WARNING * * *
You are splashed with acid!
The acid burns!
You die...

≈≈. ##?P≈≈≈≈≈≈≈≈≈≈≈≈..≈
≈≈.##P≈P≈≈≈≈≈≈≈≈≈≈≈≈..≈
≈≈≈P.P≈PP≈P≈≈≈≈≈≈≈≈.#
≈≈≈≈≈≈≈≈≈≈≈≈.≈≈.....##
≈≈≈≈≈≈≈≈≈≈≈≈≈....≈≈≈.#
≈≈≈≈.≈≈≈)P..≈≈..≈≈..##
≈≈..≈≈≈≈P##.###.≈..##
.≈≈
≈≈:≈≈P≈≈)(####.P...#
#..≈≈
≈≈.##...).@((.....##
..≈≈≈ ≈≈
####..)..P....># ..≈≈≈
≈ ##).≈()P.##### #....≈
#..≈≈≈..## ##?...P≈
#((≈≈≈≈≈...# ##..≈P≈≈≈
#.≈≈≈≈≈≈≈≈P####...≈≈≈≈≈
##≈≈≈≈≈.....##..≈P≈≈≈≈≈
#...≈≈....≈....PP≈≈≈≈≈≈
........≈...≈P≈P≈≈≈≈≈≈≈


You could see 4 oklob plants.

Vanquished Creatures
  2 deep elf blademasters (Elf:3)
  2 deep elf master archers (Elf:3)
  A tentacled starspawn (Abyss:3)
  Agnes (Elf:1)
  Kirke (Shoals:1)
  12 deep elf sorcerers
  A frost giant (IceCv)
  8 deep elf elementalists
  6 deep elf annihilators (Elf:3)
  7 deep elf demonologists (Elf:3)
  A minotaur (Lab)
  4 deep elf death magi
  A merfolk impaler (Shoals:1)
  4 ogre magi (Orc:2)
  6 deep elf high priests (Elf:3)
  A rakshasa (D:10)
  4 vault guards (D:14)
  6 hydras
  An ice dragon (Lair:6)
  A merfolk avatar (Shoals:1)
  An anaconda (shapeshifter) (Elf:2)
  Erica (D:9)
  13 dancing weapons
  2 centaur warriors
  16 two-headed ogres
  A death yak (IceCv)
  3 thrashing horrors (Abyss:3)
  A shock serpent (shapeshifter) (D:15)
  18 deep elf knights
  A fire crab (Lair:5)
  A skeletal warrior (D:14)
  2 unseen horrors
  2 lindwurms (Lair:6)
  18 deep elf archers
  A sea snake (Lair:2)
  Pikel (D:6)
  A phantasmal warrior (D:14)
  15 ugly things
  2 orc sorcerers
  57 deep elf magi
  4 fauns (Shoals:1)
  2 manticores
  3 salamanders (Volcano)
  A wolf spider (D:14)
  5 cyclopes
  Maurice (D:9)
  A black mamba (Lair:3)
  5 merfolk sirens
  Joseph (Lair:1)
  6 elephants (Lair:6)
  2 torpor snails (Lair:6)
  An ice statue (IceCv)
  An elephant (shapeshifter) (D:14)
  A gargoyle (D:14)
  2 rime drakes
  11 spiny frogs
  3 efreet
  2 kobold demonologists (D:13)
  13 komodo dragons
  A hellwing (Abyss:3)
  3 yaktaurs (D:15)
  4 trolls
  5 hornets (Lair:6)
  2 meliai (D:14)
  A queen bee (D:14)
  2 trolls (shapeshifter)
  17 polar bears
  Prince Ribbit (Lair:2)
  A silent spectre (Abyss:3)
  3 tyrant leeches (Lair:6)
  A merfolk (Lair:2)
  4 raiju (Abyss:3)
  Grinder (D:6)
  11 slime creatures (D:15)
  3 air elementals
  16 blink frogs
  2 wandering mushrooms (Elf:3)
  14 hippogriffs
  A redback (shapeshifter) (Elf:2)
  A centaur simulacrum (D:14)
  A vampire (D:10)
  A shadow (D:14)
  2 redbacks (Lair:2)
  2 water elementals
  68 yaks
  5 wyverns
  A hog (shapeshifter) (D:15)
  10 hogs
  3 neqoxecs (Abyss:3)
  4 hungry ghosts
  4 fire elementals
  2 steam dragons
  A vampire mosquito (D:14)
  Duvessa (D:4)
  13 water moccasins
  2 wargs (Orc:1)
  An acid dragon (D:14)
  8 porcupines
  3 hell hounds (Volcano)
  16 orc warriors
  An ice beast (D:12)
  3 slaves (D:6)
  6 black bears (D:13)
  An eye of draining (D:11)
  29 ogres
  6 sky beasts
  5 phantoms
  8 boggarts (D:15)
  2 small abominations (Abyss:3)
  18 wolves
  9 centaurs
  15 crocodiles
  5 big kobolds
  14 bullfrogs
  3 earth elementals
  Dowan (D:4)
  2 wyvern skeletons (D:14)
  4 scorpions
  32 killer bees
  An electric eel (Elf:3)
  12 crimson imps
  Crazy Yiuf (D:3)
  A bullfrog zombie (D:9)
  7 jellies
  7 hounds
  24 orc priests
  30 orc wizards
  2 bullfrog skeletons
  9 centaur skeletons
  3 iguanas
  11 worker ants
  2 hound zombies
  A hound skeleton (D:10)
  5 gnolls
  A howler monkey skeleton (D:5)
  13 adders
  2 shadow imps
  12 white imps (D:12)
  3 oozes
  3 adder skeletons
  4 worms
  A dart slug (D:2)
  A leopard gecko (D:4)
  83 orcs
  A ball python (D:1)
  14 bats
  8 giant cockroaches
  7 hobgoblins
  10 jackals
  5 quokkas
  5 frilled lizards
  4 goblins
  24 kobolds
  2 leopard gecko skeletons
  A quokka zombie (D:7)
  7 rats
  7 ballistomycetes
  2 ballistomycete spores (Orc:2)
  3 crawling corpses (Elf:3)
  A hyperactive ballistomycete (Orc:2)
  A plant (Shoals:1)
1039 creatures vanquished.

Vanquished Creatures (collateral kills)
  An unseen horror (D:11)
  A black mamba (Lair:6)
  3 torpor snails (Lair:6)
  A komodo dragon (Lair:6)
  A troll (D:9)
  A polar bear (IceCv)
  2 hornets (Lair:6)
  A blink frog (Lair:6)
  4 yaks
  A black bear (D:13)
  A wolf (IceCv)
  A crocodile (Lair:6)
  A killer bee (D:14)
  2 hounds (D:12)
  An orc (D:9)
  A kobold (D:11)
  4 ballistomycete spores
  2 hyperactive ballistomycetes (Orc:2)
29 creatures vanquished.

Vanquished Creatures (others)
  2 deep elf master archers (Elf:3)
  A deep elf annihilator (Elf:3)
  A two-headed ogre (Volcano)
  2 deep elf knights (Elf:1)
  A wretched star (Abyss:3)
  4 deep elf magi
  9 wandering mushrooms
  A meliai (D:14)
  An orc warrior (D:14)
  A hornet zombie (D:11)
  A wolf (IceCv)
  A centaur (D:14)
  4 killer bees (D:14)
  A killer bee zombie (D:8)
  31 ballistomycetes
  12 ballistomycete spores
  A bush (Lair:6)
  7 fungi
  4 hyperactive ballistomycetes (Orc:2)
  19 plants
  2 starspawn tentacles (Abyss:3)
  752 toadstools
858 creatures vanquished.

Grand Total: 1926 creatures vanquished

Notes
Turn   | Place    | Note
-------+----------+-------------------------------------------
     0 | D:1      | namelastname112 the Draconian Wanderer began the quest for
                  | the Orb.
     0 | D:1      | namelastname112 set off with: 2 potions of heal wounds, a
                  | potion of lignification, a scroll of teleportation, a +0
                  | club, a +0 dagger, a ration
     0 | D:1      | Reached XP level 1. HP: 23/23 MP: 1/1
   352 | D:2      | Found a sacrificial altar of Ru.
   359 | D:2      | Reached skill level 1 in Dodging
   359 | D:2      | Reached XP level 2. HP: 28/30 MP: 2/2
   847 | D:2      | Reached skill level 6 in Fighting
   847 | D:2      | Reached XP level 3. HP: 27/37 MP: 3/3
  1605 | D:1      | Reached XP level 4. HP: 39/44 MP: 4/4
  2096 | D:2      | Found a blossoming altar of Fedhas.
  2179 | D:2      | Became a worshipper of Fedhas Madash
  2668 | D:3      | Reached skill level 1 in Invocations
  2668 | D:3      | Reached XP level 5. HP: 31/51 MP: 5/5
  2675 | D:3      | Found a radiant altar of Vehumet.
  2691 | D:3      | Found a runed door.
  2786 | D:3      | Noticed Crazy Yiuf
  2842 | D:3      | Killed Crazy Yiuf
  2998 | D:3      | Reached * piety under Fedhas
  3384 | D:4      | Noticed a phantom
  3439 | D:4      | Found Mityaf's Assorted Antiques.
  3448 | D:4      | Bought a pitted bone ring for 90 gold pieces
  3448 | D:4      | Bought a heavily runed lead amulet for 90 gold pieces
  3448 | D:4      | Identified the ring of the Blind Eye {rPois rN+ MP+9} (You
                  | bought it in a shop on level 4 of the Dungeon)
  3450 | D:4      | Identified the amulet of Hyuwn {Reflect rC+ Int+3 SH+2}
                  | (You bought it in a shop on level 4 of the Dungeon)
  3454 | D:4      | Found an opulent altar of Gozag.
  3546 | D:4      | Killed a phantom
  3546 | D:4      | Reached skill level 1 in Short Blades
  3546 | D:4      | Reached XP level 6. HP: 26/58 MP: 7/7
  3765 | D:4      | Reached skill level 7 in Fighting
  3894 | D:4      | Malog: В искском играл?
  3920 | D:4      | Reached skill level 1 in Evocations
  3937 | D:4      | Your scales start taking on a fiery red colour.
  3937 | D:4      | Reached XP level 7. HP: 47/66 MP: 8/8
  3937 | D:4      | Gained mutation: Your flesh is heat resistant. (rF+) [Red
                  | Draconian growth]
  3942 | D:4      | namelastname112: бля
  3942 | D:4      | namelastname112: я играл только в тот, который на дос вроде
  3957 | D:4      | Noticed Duvessa
  3957 | D:4      | Noticed Dowan
  3961 | D:4      | Malog: уфо дефенс
  3974 | D:4      | Malog: да, он заебись
  3987 | D:4      | Killed Duvessa
  3990 | D:4      | Malog: на новый мод есть хороший
  3993 | D:4      | Malog: longwar
  3993 | D:4      | Killed Dowan
  4009 | D:4      | Malog: попробуй
  4076 | D:4      | Malog: Я сейчас так пригорел нахуй
  4128 | D:4      | Found a sparkling altar of Nemelex Xobeh.
  4134 | D:4      | Malog: О, лучший дракон
  4134 | D:4      | namelastname112: в пизду
  4134 | D:4      | namelastname112: я недавно в даркест данжн играл
  4134 | D:4      | namelastname112: у меня проблема с такими играми
  4134 | D:4      | Malog: >играет в кравл
  4134 | D:4      | namelastname112: мне ебать разрывает очко, когда моя
                  | охуенная весталка не доджит череп от гуля
  4134 | D:4      | namelastname112: получает 50 в ебло и умирает
  4134 | D:4      | namelastname112: в пизду нахуй
  4332 | D:5      | Entered Level 5 of the Dungeon
  4412 | D:5      | Malog: хули, ЭТО ВОЙНА.
  4427 | D:5      | Malog: Там люди умирают.
  4444 | D:5      | Malog: Замену прокачаешь.
  4472 | D:5      | Reached XP level 8. HP: 42/73 MP: 10/10
  4685 | D:5      | Reached ** piety under Fedhas
  4751 | D:5      | Malog: Споры хуярь
  4826 | D:5      | Found a sparkling altar of Nemelex Xobeh.
  4860 | D:5      | Malog: Похуй что тебя самого законфузят
  5793 | D:6      | Noticed Pikel
  6088 | D:6      | Noticed Grinder
  6102 | D:6      | Paralysed by Grinder for 2 turns
  6103 | D:6      | Killed Grinder
  6103 | D:6      | Reached skill level 5 in Stealth
  6306 | D:6      | Killed Pikel
  6306 | D:6      | Reached skill level 5 in Short Blades
  6306 | D:6      | Reached XP level 9. HP: 45/81 MP: 12/12
  6331 | D:6      | Reached skill level 8 in Fighting
  6584 | D:6      | Reached *** piety under Fedhas
  6857 | D:7      | Found a staircase to the Ecumenical Temple.
  7084 | D:7      | namelastname112: еще сука помню
  7084 | D:7      | namelastname112: в даркест данжн
  7084 | D:7      | namelastname112: это длц ебаное с вампирами
  7084 | D:7      | namelastname112: как же меня там ебали
  7084 | D:7      | namelastname112: господи
  7546 | D:7      | Found an ornate altar of the Wu Jian Council.
  7751 | D:8      | Reached skill level 5 in Dodging
  7771 | D:8      | Found a staircase to the Lair.
  7902 | D:8      | Reached skill level 5 in Invocations
  8064 | D:8      | Reached **** piety under Fedhas
  8141 | D:8      | Reached XP level 10. HP: 90/90 MP: 13/13
  8502 | D:8      | Noticed a two-headed ogre
  8514 | D:8      | Killed a two-headed ogre
  8526 | D:8      | Got a crude tin ring
  8528 | D:8      | Identified the ring of Motox {-Tele MR+ Dex+4 Slay+2 SInv}
                  | (You found it on level 8 of the Dungeon)
  8535 | D:8      | Noticed a centaur warrior
  8547 | D:8      | Killed a centaur warrior
  8547 | D:8      | Reached skill level 9 in Fighting
  8547 | D:8      | Reached skill level 5 in Evocations
  8883 | D:9      | Found Seijod's Gadget Shoppe.
  9078 | D:9      | Noticed Erica
  9081 | D:9      | Killed Erica
  9106 | D:9      | Noticed a two-headed ogre
  9108 | D:9      | Killed a two-headed ogre
  9108 | D:9      | Reached XP level 11. HP: 81/97 MP: 15/15
  9133 | D:9      | Noticed Maurice
  9171 | D:9      | Killed Maurice
  9746 | D:9      | Found a staircase to the Orcish Mines.
  9771 | D:9      | Found a white marble altar of Elyvilon.
  9848 | D:9      | Found a shadowy altar of Dithmenos.
 10005 | D:9      | Found a snail-covered altar of Cheibriados.
 10155 | D:10     | Entered Level 10 of the Dungeon
 10308 | D:10     | Reached ***** piety under Fedhas
 10450 | D:10     | Noticed a deep elf mage
 10457 | D:10     | Identified the cursed +1 scimitar "Inkir" {antimagic, +Rage
                  | rC+ Int-2}
 10736 | D:10     | Reached skill level 5 in Long Blades
 10830 | D:10     | Reached skill level 10 in Fighting
 11431 | D:10     | Killed a deep elf mage
 11490 | D:10     | Noticed a rakshasa
 11500 | D:10     | Killed a rakshasa
 11500 | D:10     | Reached XP level 12. HP: 59/106 MP: 17/17
 11956 | D:11     | Found a shadowy altar of Dithmenos.
 13090 | D:12     | Found a frozen archway.
 13142 | IceCv    | Entered an ice cave
 13417 | IceCv    | Got a polished scimitar
 13418 | IceCv    | Identified the +4 scimitar "Zoguhasm" {pain, rF- MP+9
                  | Int+6} (You found it in an ice cave)
 13963 | IceCv    | Reached skill level 11 in Fighting
 14631 | IceCv    | Noticed a death yak
 14631 | IceCv    | Noticed a frost giant
 14675 | IceCv    | Killed a death yak
 15070 | IceCv    | Killed a frost giant
 15070 | IceCv    | Reached XP level 13. HP: 88/116 MP: 19/19
 15869 | D:12     | Reached ****** piety under Fedhas
 16034 | D:12     | Found a glowing silver altar of Zin.
 16150 | D:13     | Found a hide-covered altar of Uskayaw.
 16249 | D:13     | Found a huge runed gate.
 16249 | D:13     | Found a huge runed gate.
 16249 | D:13     | Found a huge runed gate.
 16249 | D:13     | Found a huge runed gate.
 17429 | D:14     | Found a labyrinth entrance.
 17434 | Lab      | Entered a labyrinth
 17583 | Lab      | Noticed a minotaur
 17597 | Lab      | Killed a minotaur
 17615 | Lab      | Identified the Grimoire of Conjuration and the Compass
 18237 | D:14     | Found a glowing silver altar of Zin.
 18308 | D:14     | Found a gate to the Vaults.
 18332 | D:14     | Reached skill level 10 in Invocations
 18695 | D:14     | Reached skill level 12 in Fighting
 19854 | D:14     | Reached skill level 10 in Stealth
 19870 | D:14     | Reached XP level 14. HP: 58/126 MP: 21/21
 20198 | D:14     | Got a coiled bronze ring
 20200 | D:14     | Identified the ring "Anledghua" {Wiz rElec rF+ MR+ MP-9}
                  | (You found it on level 14 of the Dungeon)
 20258 | D:14     | Noticed a shadow dragon
 20258 | D:14     | an iron troll changed into a shadow dragon
 20294 | D:14     | Noticed a juggernaut
 20303 | D:14     | Noticed a caustic shrike
 20304 | D:14     | Noticed an acid blob
 20304 | D:14     | a caustic shrike changed into an acid blob
 20735 | D:15     | Entered Level 15 of the Dungeon
 20919 | Lair:1   | Entered Level 1 of the Lair of Beasts
 21249 | Lair:1   | Reached skill level 10 in Short Blades
 21271 | Lair:1   | Noticed Joseph
 21278 | Lair:1   | Killed Joseph
 21663 | Lair:2   | Noticed Prince Ribbit
 21669 | Lair:2   | Killed Prince Ribbit
 22195 | Lair:2   | Found a hole to the Spider Nest.
 22286 | Lair:2   | Found a staircase to the Shoals.
 22808 | Lair:3   | Found a dark tunnel.
 22832 | Volcano  | Entered a volcano
 23953 | Lair:3   | Reached skill level 1 in Shields
 24318 | Lair:4   | Identified Ynuucs Rutt's Papyrus of Lucky Shape Shifting
 24323 | Lair:4   | Reached skill level 10 in Evocations
 24864 | Lair:4   | Identified a scroll of acquirement
 24869 | Lair:4   | Got a pair of ichor-stained boots
 24880 | Lair:4   | Identified the +0 pair of boots of Incorporation {rPois
                  | Int+4 Dex+4} (You acquired it on level 4 of the Lair of
                  | Beasts)
 25384 | Lair:5   | Found a staircase to the Slime Pits.
 25418 | Lair:5   | Found a runed door.
 25434 | Lair:5   | Reached skill level 10 in Dodging
 25437 | Lair:5   | Noticed Goofits's ghost (journeyman HaGl)
 26099 | Lair:6   | Entered Level 6 of the Lair of Beasts
 26603 | Lair:6   | Reached XP level 15. HP: 78/134 MP: 23/23
 26620 | Lair:6   | Reached skill level 13 in Fighting
 27206 | Lair:6   | Found a runed door.
 27819 | Lair:6   | Paralysed by a hornet for 1 turns
 28365 | Orc:1    | Entered Level 1 of the Orcish Mines
 28365 | Orc:1    | Found Wirphibasch's Whimsical Warehouse.
 28607 | Orc:1    | Found a roughly hewn altar of Beogh.
 28638 | Orc:1    | Found Zagume's Assorted Antiques.
 28921 | Orc:2    | Entered Level 2 of the Orcish Mines
 28923 | Orc:2    | Found Foac's Magic Scroll Shop.
 28924 | Orc:2    | Found Raizikyl's Food Shop.
 28940 | Orc:2    | Found Osofrut's Jewellery Shoppe.
 28940 | Orc:2    | Found Togh's Jewellery Boutique.
 29434 | Orc:2    | Found Unkeicki's Magic Scroll Shoppe.
 29434 | Orc:2    | Found Waecajepn's Gadget Shop.
 29471 | Orc:2    | Found a staircase to the Elven Halls.
 29531 | Orc:2    | Found Xessoag's Book Boutique.
 30059 | Orc:2    | Bought a scroll of acquirement for 936 gold pieces
 30894 | D:15     | Found a staircase to the Depths.
 31975 | Elf:1    | Entered Level 1 of the Elven Halls
 32298 | Elf:1    | Found Nybos's Distillery.
 32309 | Elf:1    | Reached XP level 16. HP: 113/145 MP: 25/25
 32569 | Elf:1    | Bought a potion of heal wounds for 55 gold pieces
 32569 | Elf:1    | Bought a potion of heal wounds for 55 gold pieces
 32615 | Elf:1    | Identified the Guide on Confrontation and Calling
 32825 | Elf:1    | Found a portal to a secret trove of treasure.
 32864 | Elf:1    | Bought a potion of resistance for 110 gold pieces
 33193 | Elf:1    | Noticed Agnes
 33211 | Elf:1    | Killed Agnes
 33266 | Elf:1    | Reached skill level 14 in Fighting
 33352 | Elf:1    | Found a sparkling altar of Nemelex Xobeh.
 33803 | Elf:2    | Found Xaulylef's Book Boutique.
 34300 | Elf:2    | Found a runed gate.
 34300 | Elf:2    | Found a runed gate.
 34300 | Elf:2    | Found a runed gate.
 35830 | Elf:3    | Entered Level 3 of the Elven Halls
 36022 | Elf:3    | Cast into level 3 of the Abyss (a deep elf demonologist)
 36056 | Abyss:3  | Noticed a profane servitor
 36089 | Abyss:3  | Found a corrupted altar of Lugonu.
 36276 | Abyss:3  | Noticed a tentacled starspawn
 36303 | Abyss:3  | Killed a tentacled starspawn
 36314 | Abyss:3  | Reached XP level 17. HP: 39/138 MP: 18/21
 36639 | Abyss:4  | Found a corrupted altar of Lugonu.
 36674 | Abyss:4  | Fell from the grace of Fedhas
 36674 | Abyss:4  | Became a worshipper of Lugonu the Unformed
 36674 | Abyss:4  | Reached * piety under Lugonu
 36674 | Abyss:4  | Gained mutation: You do not regenerate when monsters are
                  | visible. [a cacodemon]
 36675 | Elf:3    | Escaped the Abyss
 36676 | Elf:3    | Noticed a Tzitzimitl
 37057 | Elf:3    | Found Tefracw's Weapon Emporium.
 38040 | Elf:3    | namelastname112: ??fedhas wrath
 38040 | Elf:3    | beem: fedhas wrath[1/3]: ABANDONMENT: 30 penance.
                  | RETRIBUTION: Summons oklobs and wandering mushrooms in a
                  | circle around you. If there are corpses nearby, can turn
                  | them into spores. Also, fire/ice/air/earth miscasts.
 38095 | Elf:3    | Noticed a deep elf master archer
 38099 | Elf:3    | Killed a deep elf master archer
 38106 | Elf:3    | Noticed a deep elf master archer
 38108 | Elf:3    | Noticed a Hell Sentinel
 38111 | Elf:3    | HP: 6/154 [acid (11)]
 39520 | Elf:3    | Identified the amulet "Uciwipp" {Acrobat rN+ MP+9 Int+3
                  | Stlth+}
 39520 | Elf:3    | Noticed a deep elf blademaster
 39538 | Elf:3    | Killed a deep elf blademaster
 39930 | Elf:3    | Identified the ring of Awe {+Fly rC+ MR+ MP+9 Str+4}
 40409 | Elf:3    | Reached skill level 15 in Fighting
 40494 | Elf:3    | Noticed a deep elf blademaster
 40501 | Elf:3    | Killed a deep elf blademaster
 40839 | Elf:3    | Cast into level 2 of the Abyss (a deep elf sorcerer)
 40840 | Elf:3    | Escaped the Abyss
 41105 | Elf:3    | Identified the amulet of Kuicy {Acrobat SInv}
 41558 | Elf:3    | Noticed a deep elf master archer
 41586 | Elf:3    | Killed a deep elf master archer
 41853 | Elf:3    | Identified the amulet of the Clam {Faith rN+ Dex+8}
 42301 | Elf:3    | Noticed a deep elf master archer
 42506 | Elf:3    | Reached XP level 18. HP: 163/163 MP: 28/28
 44405 | Shoals:1 | Entered Level 1 of the Shoals
 44405 | Shoals:1 | Noticed Kirke
 44611 | Shoals:1 | Killed Kirke
 44634 | Shoals:1 | Reached ** piety under Lugonu
 45204 | Shoals:1 | Splashed by an oklob plant's acid

Vault maps used:
D:1:      saegor_arrival_under_anarchy, minmay_hexomino_c4
D:2:      old_standard_altar, fedhas_altar_fruit_tree
D:3:      fiery_altar_vehumet, serial_glass, glass_columns_b, glass_columns_a,
          glass_columns_b, glass_columns_a, glass_columns_c, glass_columns_a,
          glass_columns_b, glass_columns_a, uniq_crazy_yiuf_cottage
D:4:      overflow_temple_1_default, first_ration, serial_shops,
          nicolae_shop_overgrown_old_shop, nemelex_dance_club_becter,
          uniq_duvessa
D:5:      lemuel_crystal_altar
D:6:      uniq_pikel, uniq_grinder
D:7:      kennysheep_mini, minmay_temple_entry_purple_smoke,
          minmay_misc_feat_secret_circle, grunt_ogre_cave
D:8:      minmay_quarter_circles
D:9:      marbit_many_paths, cheibrodos_worm_habitat, overflow_temple_1_default,
          serial_shops, nicolae_shop_trees, uniq_maurice, uniq_erica
D:10:     minmay_the_grid_triangle_9x9_rhombus_thin_mashed
D:11:     grunt_dithmenos_shadows
D:12:     basic_altar, portal_ice_cave_entry_imps
D:13:     lemuel_bear_cage, basic_altar, minmay_misc_feat_plants
D:14:     regret_index_bee_streams, lightli_vaults_fourway_checkpoint,
          lemuel_doored_altar, lab_entry_generic
D:15:     gammafunk_enter_depths_forms
Lair:1:   uniq_joseph
Lair:2:   elwin_shoals_entry_stream, spider_nest_entry_webs,
          serial_bayou_pond_d, uniq_prince_ribbit2
Lair:3:   nicolae_volcano_entry_lava_flow, columned_hall_lemuel, st_stairs_9,
          grunt_megastairs_5
Lair:5:   slime_dummy, ebering_ghost_funeral_grove
Lair:6:   wormcave
Shoals:1: uniq_kirke
Orc:1:    basic_altar, serial_shops, nicolae_shop_waterfront,
          nicolae_alphabet_shops
Orc:2:    st_orc_ogre_mass, serial_shops, shop, nicolae_shop_waterfront, shop
Elf:1:    elf_arrival_002, enter_trove_6, serial_shops, shop,
          minmay_elf_sorcery, basic_loot_grate_trap, nemelex_altar_shiori,
          uniq_agnes
Elf:2:    serial_shops, shop, basic_stair_grate_trap
Elf:3:    minmay_elf_hall_four_x, serial_shops, shop
Abyss:3:  evilmike_abyss_exit_3
Abyss:4:  evilmike_abyss_exit_15, evilmike_abyss_rune_ettins
Lab:      labyrinth_spiral, lab_hedge, nicolae_lab_hexagon, lab_statue
IceCv:    ice_cave_caverns_02
Volcano:  volcano_village

Skill      XL: |  1  2  3  4  5  6  7  8  9 10 11 12 13 14 15 16 17 18 |
---------------+-------------------------------------------------------+-----
Dodging        | 1 2 3 4 5 6 7 8 9 10 11 12 | 12.6
Fighting       | 6 7 8 9 10 11 12 13 14 15 | 15.5
Invocations    | 1 2 3 4 5 6 7 9 10 11 12 13 14 | 14.3
Stealth        | 2 3 4 5 6 8 9 10 11 12 13 | 13.6
Short Blades   | 1 2 3 5 6 7 8 9 10 11 12 13 | 13.5
Evocations     | 1 2 3 4 5 6 8 9 10 11 12 13 | 13.1
Long Blades    | 6 7 |  7.0
Shields        | 3 4 |  4.0
Throwing       | |  1.0
Unarmed Combat | |  1.0

Action                   |  1- 3 |  4- 6 |  7- 9 | 10-12 | 13-15 | 16-18 || total
-------------------------+-------+-------+-------+-------+-------+-------++-------
Melee: Dagger            |   114 |   244 |   526 |   334 |       |       ||  1218
       Tailslap          |    11 |    31 |    78 |   201 |   405 |   244 ||   970
       Punch             |       |       |     3 |     4 |     5 |       ||    12
       Scimitar          |       |       |       |   242 |     6 |       ||   248
       Short sword       |       |       |       |   428 |  1714 |   120 ||  2262
       Rapier            |       |       |       |       |   251 |  1120 ||  1371
Throw: Throwing net      |       |       |       |       |     3 |       ||     3
Invok: Fungal Bloom      |       |    10 |    31 |    48 |   105 |    13 ||   207
       Evolution         |       |       |       |     5 |    15 |       ||    20
       Growth            |       |       |       |     1 |     1 |       ||     2
       Reproduction      |       |       |       |     1 |     5 |       ||     6
       Rain              |       |       |       |       |     1 |       ||     1
       Depart the Abyss  |       |       |       |       |       |     2 ||     2
 Abil: Evoke Invisibilit |       |     1 |       |       |    13 |    24 ||    38
       Breathe Fire      |       |       |     7 |    13 |    19 |    18 ||    57
Evoke: Wand              |       |     2 |       |     2 |    11 |     5 ||    20
  Use: Potion            |     1 |       |       |     1 |     4 |     7 ||    13
       Scroll            |       |       |    15 |    11 |    14 |    17 ||    57
 Stab: Sleeping          |     5 |     4 |    15 |    17 |    47 |    17 ||   105
       Invisible         |       |     2 |       |       |    58 |    63 ||   123
       Distracted        |       |       |     1 |     5 |    11 |    11 ||    28
       Held in net/web   |       |       |     1 |       |       |       ||     1
       Confused          |       |       |       |     6 |    15 |       ||    21
       Paralysed         |       |       |       |       |     1 |       ||     1
  Eat: Chunk             |     2 |     5 |     9 |    21 |    19 |    15 ||    71
       Ration            |       |     1 |     2 |     2 |    14 |    12 ||    31
Armor: Skin              |    48 |   100 |   131 |   237 |   364 |   142 ||  1022
Dodge: Dodged            |    59 |   146 |   278 |   646 |  1115 |   608 ||  2852
Block: Other             |       |    10 |    30 |    49 |    45 |       ||   134
       Reflection        |       |       |     3 |     2 |     3 |    26 ||    34
       Buckler           |       |       |       |       |   206 |   245 ||   451
       Rpst.: Scimitar   |       |       |       |    50 |       |       ||    50

Table legend:
 A = Non-vault XP
 B = Vault XP
 C = Vault XP percentage of total XP
 D = Non-vault monster count
 E = Vault monster count
 F = Vault count percentage of total count
                 A         B        C        D         E       F
            +---------+---------+-------+---------+---------+-------
      Total |  150777 |  165049 |  52.3 |     683 |     370 |  35.1
            +---------+---------+-------+---------+---------+-------
        D:1 |      28 |      27 |  49.1 |      16 |       9 |  36.0
        D:2 |     112 |       2 |   1.8 |      31 |       1 |   3.1
        D:3 |     108 |      44 |  28.9 |      18 |       1 |   5.3
        D:4 |     569 |     244 |  30.0 |      17 |       4 |  19.0
        D:5 |     520 |       0 |   0.0 |      24 |       0 |   0.0
        D:6 |     795 |     895 |  53.0 |      27 |       2 |   6.9
        D:7 |     676 |     122 |  15.3 |      16 |       1 |   5.9
        D:8 |    1092 |    3181 |  74.4 |      18 |      24 |  57.1
        D:9 |    5375 |    1452 |  21.3 |      42 |       4 |   8.7
       D:10 |    4156 |    2604 |  38.5 |      35 |       9 |  20.5
       D:11 |    5427 |      11 |   0.2 |      51 |       1 |   1.9
       D:12 |    1723 |     121 |   6.6 |      23 |      12 |  34.3
       D:13 |    5831 |    3153 |  35.1 |      23 |      18 |  43.9
       D:14 |    2502 |   13315 |  84.2 |       9 |      58 |  86.6
       D:15 |   11375 |    3125 |  21.6 |      33 |      12 |  26.7
     Lair:1 |    3386 |     455 |  11.8 |      14 |       1 |   6.7
     Lair:2 |    3536 |    4550 |  56.3 |      18 |      17 |  48.6
     Lair:3 |    4812 |    1539 |  24.2 |      21 |       8 |  27.6
     Lair:4 |    3105 |       0 |   0.0 |       9 |       0 |   0.0
     Lair:5 |    8068 |       0 |   0.0 |      27 |       0 |   0.0
     Lair:6 |    8827 |    6643 |  42.9 |      30 |      18 |  37.5
   Shoals:1 |    5115 |    2192 |  30.0 |       8 |       2 |  20.0
      Orc:1 |    1455 |       0 |   0.0 |      23 |       0 |   0.0
      Orc:2 |    2223 |   16042 |  87.8 |      31 |      34 |  52.3
      Elf:1 |   16541 |   10795 |  39.5 |      28 |      16 |  36.4
      Elf:2 |   18162 |   14059 |  43.6 |      32 |      18 |  36.0
      Elf:3 |   27241 |   65138 |  70.5 |      42 |      41 |  49.4
    Abyss:3 |    8017 |       0 |   0.0 |      17 |       0 |   0.0
        Lab |       0 |     712 | 100.0 |       0 |       1 | 100.0
      IceCv |       0 |   11795 | 100.0 |       0 |      50 | 100.0
    Volcano |       0 |    2833 | 100.0 |       0 |       8 | 100.0
            +---------+---------+-------+---------+---------+-------
